Map: [ESL] Data-C

Players

AZTEX

  • Race: Protoss Protoss
  • Spawn Location: 9:00

Dolan - Winner!

  • Race: Terran Terran
  • League: Diamond
  • Spawn Location: 3:00

Event: DreamHack SC2 Masters 2022 Valencia

VOD

Have the link to the VOD?

Description

Time

  • Played on: July 1, 2022, 6:17 a.m.
  • Length: 8:58

All games in this series

Show
View Real Time Build Order
Export as new Build Order

AZTEX Protoss 

Build Orders:  

Get SALT Encoding   

  12  0:00  Probe  
  13  0:12  Probe  
  14  0:24  Probe  
  15  0:37  Pylon  
  15  0:55  Probe, Gateway  
  15  0:56  Gateway  
  16  1:02  Assimilator  
  16  1:07  Probe  
  17  1:12  Pylon  
  17  1:19  Probe  
  18  1:32  Probe  
  19  1:41  Zealot x2 (Chrono Boost)  
  19  1:44  Probe  
  24  1:47  Cybernetics Core  
  24  1:56  Probe  
  24  2:01  Pylon  
  25  2:03  Zealot (Chrono Boost)  
  29  2:17  Probe  
  28  2:30  Stalker x2  
  28  2:35  Probe  
  33  2:54  Nexus  
  33  2:58  Assimilator  
  33  3:01  Warp Gate  
  33  3:08  Pylon  
  33  3:14  Probe  
  33  3:19  Stalker  
  32  3:26  Probe (Chrono Boost)  
  31  3:30  Stalker  
  33  3:40  Twilight Council  
  33  3:47  Probe (Chrono Boost)  
  34  3:56  Stalker  
  34  3:58  Probe  
  37  4:06  Probe  
  38  4:10  Probe  
  38  4:13  Stalker  
  41  4:18  Probe  
  41  4:23  Robotics Facility  
  42  4:32  Pylon  
  42  4:35  Blink (Chrono Boost)  
  42  4:39  Probe (Chrono Boost)  
  42  4:40  Probe (Chrono Boost)  
  44  4:52  Probe (Chrono Boost)  
  46  4:54  Assimilator  
  46  4:57  Probe (Chrono Boost)  
  46  5:01  Probe (Chrono Boost)  
  46  5:03  Stalker  
  46  5:05  Probe (Chrono Boost)  
  46  5:06  Probe  
  50  5:12  Observer (Chrono Boost)  
  52  5:14  Stalker  
  52  5:18  Probe (Chrono Boost)  
  52  5:19  Probe (Chrono Boost)  
  56  5:23  Shield Battery  
  58  5:29  Probe (Chrono Boost)  
  58  5:32  Probe (Chrono Boost)  
  58  5:33  Immortal (Chrono Boost)  
  58  5:34  Probe (Chrono Boost)  
  62  5:38  Pylon  
  62  5:40  Probe  
  64  5:44  Probe  
  65  5:52  Stalker x2, Probe  
  68  6:01  Nexus  
  68  6:08  Immortal (Chrono Boost)  
  72  6:20  Probe  
  72  6:21  Adept  
  72  6:22  Pylon  
  72  6:24  Observer  
  72  6:25  Shield Battery  
  75  6:29  Charge (Chrono Boost)  
  75  6:30  Adept  
  75  6:32  Probe  
  78  6:37  Gateway  
  78  6:40  Gateway  
  78  6:43  Observer  
  78  6:45  Probe, Gateway  
  79  6:52  Gateway  
  78  6:58  Observer  
  78  6:59  Probe  
  73  7:05  Probe  
  73  7:07  Stalker x2  
  73  7:12  Probe  
  73  7:14  Probe  
  70  7:26  Probe (Chrono Boost)  
  66  7:31  Probe (Chrono Boost)  
  67  7:41  Robotics Bay  
  68  7:47  Probe (Chrono Boost)  
  68  7:48  Probe (Chrono Boost)  
  68  7:50  Probe (Chrono Boost)  
  72  8:00  Probe (Chrono Boost)  
  72  8:01  Probe (Chrono Boost)  
  72  8:02  Probe (Chrono Boost)  
  72  8:04  Sentry x2  
  77  8:06  Probe (Chrono Boost)  
  77  8:07  Probe (Chrono Boost)  
  77  8:08  Probe  
  77  8:12  Sentry x2  
  80  8:17  Probe  
  80  8:19  Probe  
  82  8:21  Probe  
  82  8:25  Zealot x2  
  86  8:29  Probe  
  86  8:32  Stalker  
  88  8:34  Probe  
  88  8:39  Probe  
  76  8:45  Zealot x2  
  63  8:54  Zealot x2  
Show
View Real Time Build Order
Export as new Build Order

Dolan Terran - Winner!

Build Orders: 1/1/1, Cyclone Opening 

Get SALT Encoding   

  12  0:01  SCV  
  13  0:13  SCV  
  14  0:17  Supply Depot  
  14  0:25  SCV  
  15  0:38  SCV  
  15  0:40  Barracks  
  16  0:44  Refinery  
  16  0:50  SCV  
  16  0:53  Refinery  
  17  1:02  SCV  
  18  1:06  Supply Depot  
  18  1:15  SCV  
  19  1:27  Marine  
  19  1:30  Orbital Command  
  20  1:43  Factory  
  20  1:47  Barracks Reactor  
  20  1:56  SCV  
  21  2:07  Bunker  
  21  2:08  SCV  
  22  2:20  SCV  
  23  2:24  Marine x2  
  23  2:28  Starport  
  25  2:31  Factory Tech Lab  
  25  2:33  SCV  
  25  2:35  Supply Depot  
  26  2:49  Marine x2  
  28  2:55  Cyclone  
  28  2:57  SCV  
  32  3:06  Starport Tech Lab  
  31  3:22  SCV  
  31  3:25  Cloaking Field  
  32  3:28  Banshee  
  35  3:41  Command Center  
  35  3:50  Supply Depot  
  35  3:53  Siege Tank  
  38  4:02  SCV  
  39  4:07  Supply Depot  
  38  4:17  Banshee  
  38  4:18  Marine x2  
  43  4:24  Command Center  
  40  4:33  Siege Tank  
  40  4:35  SCV  
  40  4:37  Marine x2  
  46  4:42  Supply Depot  
  46  4:50  SCV  
  47  5:00  Banshee  
  47  5:02  SCV  
  47  5:05  Barracks  
  51  5:13  Barracks  
  54  5:21  Siege Tank  
  54  5:22  Marine  
  54  5:23  Marine  
  56  5:29  SCV  
  56  5:33  Engineering Bay  
  57  5:41  Marine x2  
  58  5:55  SCV  
  60  5:59  Marine x2  
  60  6:02  Terran Infantry Weapons Level 1  
  62  6:04  Orbital Command  
  62  6:07  SCV  
  62  6:09  Stimpack  
  62  6:16  Starport Reactor  
  62  6:17  Factory Reactor  
  62  6:21  SCV  
  63  6:25  Refinery  
  63  6:29  Supply Depot  
  63  6:31  SCV  
  64  6:33  SCV  
  64  6:35  Supply Depot  
  65  6:44  Marine, Marauder x2  
  65  6:45  Marine  
  71  6:49  SCV x2  
  73  7:04  SCV x2  
  73  7:07  Marine x2  
  73  7:08  Marauder x2  
  81  7:10  Medivac x2  
  82  7:32  Marine x2, Marauder x2  
  82  7:36  Combat Shield, Widow Mine x2  
  92  7:37  SCV x2  
  92  7:42  Supply Depot  
  94  7:53  Refinery  
  94  7:55  Supply Depot  
  94  7:57  SCV x2, Medivac  
  98  7:58  Concussive Shells  
  98  7:59  Marine  
  98  8:00  Marine, Marauder  
  98  8:03  Marauder  
  104  8:09  Widow Mine x2  
  108  8:14  SCV x2  
  110  8:27  Command Center  
  110  8:31  Marine x2, Marauder x2  

Tags
 
Add a new tag
Caveats
  • Supply blocks, unpowered buildings, or Contaminate may cause inaccurate times.
  • Supply counts are checked every 10 seconds.